 Dungeon Crawl Stone Soup version 0.18-a0-1639-g7533f42 (webtiles) character file.

359878 xeno23 the Swashbuckler (level 23, 0/159 HPs)
             Began as a Halfling Warper on Mar 6, 2016.
             Was an Initiate of Gozag.
             Slain by an azure jelly (10 damage)
             ... created by the Royal Jelly
             ... on level 6 of the Pits of Slime on Mar 27, 2016.
             The game lasted 06:02:43 (52474 turns).

xeno23 the Swashbuckler (Halfling Warper)          Turns: 52474, Time: 06:02:44

Health: 0/159      AC: 15    Str: 13    XL:     23   Next: 45%
Magic:  32/34      EV: 25    Int: 12    God:    Gozag
Gold:   2527       SH:  7    Dex: 22    Spells: 8 memorised, 14 levels left

rFire  + + .     SeeInvis .     q - +8 rapier (elec)
rCold  + . .     Gourm    .     K - +3 ring mail {MR+}
rNeg   . . .     Faith    .     C - +0 buckler
rPois  +         Spirit   .     O - +2 helmet
rElec  .         Dismiss  .     g - +2 cloak {+Inv}
rCorr  .         Reflect  .     s - +1 pair of gloves of Kikubaaqudgha's Esteem {rF+}
SustAt .         Harm     .     Y - +2 pair of boots of the Assassin {DetectMon Stab+ Stlth++}
MR     +++..                    z - amulet of Yendor {+Rage rF+ MR+}
Stlth  +++++++++.               m - ring of poison resistance
                                o - ring of protection from cold

@: corroded, extremely resistant to hostile enchantments, incredibly stealthy
A: mutation resistance 1
a: Potion Petition, Call Merchant, Bribe Branch, Renounce Religion, Evoke
Berserk Rage, Evoke Invisibility
}: 2/15 runes: serpentine, barnacled


You were on level 6 of the Pits of Slime.
You worshipped Gozag.
Gozag was noncommittal.
You were not hungry.

You visited 7 branches of the dungeon, and saw 41 of its levels.
You also visited: Bailey, Ice Cave and Volcano.

You collected 17046 gold pieces.
You spent 6588 gold pieces at shops.
You paid 7931 gold pieces to Gozag.

Inventory:

Hand Weapons
 e - a +2 greatsling of flaming
 q - a +8 rapier of electrocution (weapon)
 U - the +9 blowgun of Attainder {evade, *Corrode rElec rPois Stlth+}
   (You found it on level 4 of the Shoals)

   It affects your evasion (+5 to EV).
   It insulates you from electricity.
   It protects you from poison.
   It may corrode you when you take damage.
   It makes you more stealthy.
Missiles
 f - 8 curare-tipped needles
 n - 131 sling bullets
 v - 25 throwing nets (quivered)
 X - 12 needles of sleeping
Armour
 g - a +2 cloak of invisibility (worn)
 s - the +1 pair of gloves of Kikubaaqudgha's Esteem (worn) {rF+}
   (You found it on level 8 of the Lair of Beasts)

   It protects you from fire.
 C - a +0 buckler (worn)
 K - a +3 ring mail of magic resistance (worn)
 O - a +2 helmet (worn)
 Y - the +2 pair of boots of the Assassin (worn) {DetectMon Stab+ Stlth++}
   (You acquired it on level 13 of the Dungeon)

   It makes you much more stealthy.
Jewellery
 m - a ring of poison resistance (right hand)
 o - a ring of protection from cold (left hand)
 z - the amulet of Yendor (around neck) {+Rage rF+ MR+}
   (You bought it in a shop on level 1 of the Lair of Beasts)

   [amulet of rage]

   It protects you from fire.
   It affects your resistance to hostile enchantments.
   It lets you go berserk.
Wands
 r - a wand of teleportation (0/9)
 y - a wand of iceblast (6/15)
 B - a wand of disintegration (11/24)
 S - a wand of teleportation (5/9)
 W - a wand of digging (13/24)
Scrolls
 b - 5 scrolls of teleportation
 d - 6 scrolls of fear
 i - 7 scrolls of enchant armour
 j - 10 scrolls of identify
 t - 10 scrolls of magic mapping
 A - 10 scrolls of remove curse
 D - a scroll of summoning
 F - a scroll of blinking
 I - 5 scrolls of recharging
 R - a scroll of holy word
 V - 4 scrolls of fog
Potions
 a - 3 potions of heal wounds
 h - 7 potions of flight
 k - 5 potions of invisibility
 l - 7 potions of agility
 p - 8 potions of resistance
 u - 4 potions of haste
 x - 7 potions of brilliance
 H - 4 potions of cure mutation
 J - 10 potions of might
 L - 17 potions of curing
 N - 3 potions of cancellation
 Q - 4 potions of magic
Books
 c - a book of Debilitation

   Spells                             Type                      Level
   a - Corona                         Hexes                        1
   b - Slow                           Hexes                        2
   c - Gell's Gravitas                Hexes/Translocation          3
   d - Inner Flame                    Hexes/Fire                   3
   e - Cause Fear                     Hexes                        4
   f - Leda's Liquefaction            Hexes/Earth                  4
Miscellaneous
 w - a sack of spiders {used: 1}
 P - a lamp of fire (inert)
 Z - a fan of gales (inert)
Comestibles
 E - 5 fruits


   Skills:
 * Level 13.8 Fighting
 * Level 18.6 Short Blades
 + Level 17.6(17.7) Slings
 - Level 1.1(9.5) Throwing
 - Level 10.4 Armour
 + Level 12.9 Dodging
 * Level 18.3 Stealth
 - Level 5.6 Shields
 * Level 7.3 Spellcasting
 - Level 10.5 Charms
 - Level 4.3 Necromancy
 + Level 9.9 Translocations
 - Level 10.0 Evocations


You had 14 spell levels left.
You knew the following spells:

 Your Spells              Type           Power        Failure   Level  Hunger
a - Passage of Golubria   Tloc           N/A          6%          4    ####...
b - Portal Projectile     Tloc           ####..       1%          3    ###....
d - Spectral Weapon       Hex/Chrm       ###.....     12%         3    ###....
e - Regeneration          Chrm/Necr      ###.......   4%          3    ###....
g - Blink                 Tloc           N/A          1%          2    #......
q - Teleport Other        Tloc           ####....     1%          3    ###....
s - Gell's Gravitas       Hex/Tloc       ###.......   14%         3    ###....
v - Apportation           Tloc           ####......   1%          1    None


Dungeon Overview and Level Annotations

Branches:
Dungeon (15/15)            Temple (0/1) D:7            Lair (8/8) D:10
 Shoals (4/4) Lair:5        Snake (4/4) Lair:3        Slime (6/6) Lair:8
    Orc (2/2) D:9             Elf (2/3) Orc:2        Vaults (0/5) D:13
 Depths (0/5) D:15

Altars:
Dithmenos
Fedhas
Gozag
Makhleb
Nemelex Xobeh
Qazlal
Vehumet
Xom
Yredelemnul
The Shining One
Jiyva

Shops:
D:4 ?   D:5 *   D:9 %   D:11 :   D:14 (   Orc:2 [!?!   Elf:2 }   Lair:1 ?(*
Lair:5 (   Shoals:3 (   Snake:4 %

Annotations:
Shoals:2 M4edhros's ghost, adept OpFi
Slime:6 Royal Jelly


Innate Abilities, Weirdness & Mutations

You are small and have problems with some larger weapons.
You are somewhat resistant to further mutation.


Message History

The azure jelly misses you. You block the azure jelly's attack.
The azure jelly barely misses you.
The azure jelly hits you but does no damage.
The acid blob misses you.
You take 3 damage.
You puncture the acid blob!
There is a sudden explosion of sparks!
You kill the acid blob!
That felt strangely unrewarding.
The azure jelly hits you!
* * * LOW HITPOINT WARNING * * *
The azure jelly freezes you! You resist.
* * * LOW HITPOINT WARNING * * *
You block the azure jelly's attack. The azure jelly closely misses you.
The azure jelly barely misses you.
You take 18 damage.
Drink which item? (? for menu, Esc to quit)
You feel better. The azure jelly barely misses you. The azure jelly hits you.
* * * LOW HITPOINT WARNING * * *
The azure jelly freezes you! You resist.
You die...
Your body crumbles into a pile of gold.

##.....####### ###
##.....#....#.#### #..#
#................#
##...###.......<.........
#........................
##........................
###.........................
##...........................
#..........J@................
#..........J(................
##...........................
#............................
#...........................
#..........................
##.........................
###.........................
####...........................


You could see an azure jelly, a death ooze and a friendly spectral rapier of
electrocution.

Vanquished Creatures
  Norris (D:13)
  Rupert (D:13)
  An Ice Fiend (IceCv)
  A deep elf blademaster (Elf:2)
  16 acid blobs
  The ghost of Chiseanne the Eclecticist, an adept DsWz of Vehumet (Elf:2)
  Agnes (Elf:2)
  The ghost of 4thArraOfDagon the Impaler, a journeyman OgBe of Trog (Volcano)
  Gastronok (Lair:1)
  11 greater nagas
  Ilsuiw (Shoals:4)
  Kirke (Lair:6)
  4 azure jellies
  A frost giant (Shoals:3)
  Louise (Snake:3)
  A caustic shrike zombie (D:15)
  A war gargoyle (D:14)
  A deep elf demonologist (Elf:1)
  Nessos (D:13)
  6 death oozes (Slime:6)
  Snorg (Lair:7)
  8 merfolk impalers
  5 merfolk javelineers
  A yaktaur captain (D:14)
  5 hydras
  5 great orbs of eyes
  17 naga warriors
  Harold (Lair:3)
  8 merfolk aquamancers
  3 catoblepae (Lair:8)
  An alligator snapping turtle (Shoals:4)
  13 anacondas
  The ghost of dohliylev the Protected, a novice MiGl of Qazlal (D:9)
  3 centaur warriors
  21 death yaks
  3 merfolk avatars
  2 tengu warriors
  A vampire mage (D:15)
  12 naga sharpshooters
  3 satyrs
  3 shock serpents
  Sonja (D:15)
  18 deep elf knights
  4 skeletal warriors (D:15)
  A wizard (D:14)
  3 salamander mystics
  2 unseen horrors (D:11)
  16 sea snakes
  12 harpies
  6 naga ritualists
  Pikel (D:5)
  5 orc knights
  11 deep elf archers
  A necromancer (D:15)
  6 hill giants
  A fire giant zombie (D:15)
  10 mana vipers
  5 shining eyes
  6 ugly things
  An iron dragon zombie (D:15)
  6 fauns (Shoals:1)
  An orc sorcerer (Orc:1)
  51 deep elf magi
  2 oklob plants
  7 salamanders
  6 manticores
  5 griffons
  A salamander (shapeshifter) (Elf:2)
  9 cyclopes
  12 sirens
  21 elephants
  A torpor snail (Lair:8)
  6 water nymphs
  4 guardian serpents
  31 black mambas
  A molten gargoyle (Volcano)
  29 naga magi
  4 centaur skeletons
  2 gargoyles
  An eye of devastation (Slime:6)
  An ice statue (IceCv)
  A redback zombie (D:12)
  9 spiny frogs
  2 freezing wraiths (IceCv)
  7 komodo dragons
  3 rime drakes
  6 ice devils (IceCv)
  2 guardian mummies (D:15)
  2 tengu conjurers
  5 trolls
  3 anaconda simulacra (IceCv)
  A wind drake (Shoals:2)
  5 two-headed ogres
  32 merfolk
  Grinder (D:3)
  Prince Ribbit (D:5)
  A boulder beetle (Lair:8)
  20 blink frogs
  A wolf spider simulacrum (IceCv)
  41 slime creatures
  8 snapping turtles
  2 air elementals (Elf:2)
  24 water moccasins
  An ice dragon skeleton (D:15)
  24 water elementals
  60 yaks
  4 wyverns
  2 dire elephant simulacra (IceCv)
  A wraith (D:14)
  A spriggan (D:12)
  2 hogs (Lair:6)
  2 basilisks
  A yak (shapeshifter) (D:14)
  6 golden eyes (Slime:6)
  14 humans (D:13)
  7 hippogriffs
  Edmund (D:4)
  3 death yak simulacra (IceCv)
  3 fire bats (Orc:2)
  3 fire elementals
  2 mottled dragons
  2 hungry ghosts
  3 steam dragons
  2 iron troll simulacra (IceCv)
  4 wargs
  40 nagas
  A harpy simulacrum (IceCv)
  A soldier ant (D:14)
  2 hell hounds (D:10)
  2 hydra simulacra (IceCv)
  35 orc warriors
  6 porcupines
  2 black bears
  2 sky beasts
  2 wasps
  3 ice beasts
  3 phantoms
  10 ogres
  4 eyes of draining
  An ettin simulacrum (IceCv)
  3 wolves (Lair:7)
  18 centaurs
  3 big kobolds
  10 crocodiles
  19 giant frogs
  A gnoll sergeant (D:8)
  10 earth elementals
  3 scorpions
  14 killer bees
  4 wights (D:11)
  5 howler monkeys
  5 electric eels
  7 crimson imps
  5 hounds
  A quasit (D:12)
  3 giant frog zombies
  16 jellies
  3 centaur zombies
  2 giant frog skeletons (D:10)
  12 orc priests
  Crazy Yiuf (D:7)
  Terence (D:2)
  Natasha (thrice) (D:3)
  15 iguanas
  15 orc wizards
  7 worker ants
  A wolf simulacrum (IceCv)
  A polar bear simulacrum (IceCv)
  11 sheep
  4 troll simulacra (IceCv)
  3 hound skeletons
  Robin (D:2)
  2 worker ant zombies
  17 gnolls
  2 ogre simulacra (IceCv)
  19 adders
  A howler monkey skeleton (D:7)
  27 river rats
  A naga simulacrum (IceCv)
  4 shadow imps
  16 white imps
  4 ufetubi (IceCv)
  An ooze (D:5)
  An adder skeleton (D:4)
  2 worms
  3 dart slugs
  7 giant geckos
  85 orcs
  6 giant cockroaches
  16 goblins
  23 hobgoblins
  11 jackals
  9 quokkas
  A ball python (D:5)
  A ball python skeleton (D:3)
  13 bats
  A giant gecko skeleton (D:4)
  6 giant newts
  23 kobolds
  A quokka zombie (D:5)
  8 rats
  2 fungi
  A plant (Shoals:1)
1441 creatures vanquished.

Vanquished Creatures (collateral kills)
  An acid blob (Slime:6)
  2 azure jellies (Slime:6)
  A merfolk avatar (Shoals:1)
  A merfolk aquamancer (Shoals:1)
  A deep troll earth mage (D:14)
  A naga sharpshooter (Snake:1)
  A salamander mystic (Snake:1)
  A sea snake (Shoals:3)
  A naga ritualist (Snake:4)
  A cyclops (Shoals:4)
  A deep elf mage (Elf:2)
  3 naga magi
  2 merfolk
  2 slime creatures (Slime:6)
  3 water elementals
  2 humans (D:13)
  3 nagas
  A hydra simulacrum (IceCv)
  An iron troll simulacrum (IceCv)
  An ettin simulacrum (IceCv)
  3 centaurs (Orc:2)
  A draconian simulacrum (IceCv)
  A hound (D:13)
  A white imp (IceCv)
36 creatures vanquished.

Vanquished Creatures (others)
  17 dancing weapons
  A harpy (Shoals:1)
  An orc sorcerer (Elf:2)
  A deep elf mage (Elf:2)
  3 slaves (D:5)
  An orc wizard (D:9)
  A white imp (Shoals:4)
  3 ufetubi (IceCv)
  2 orcs
  34 fungi
  41 plants
  4 spectral weapons (Slime:6)
  4 withered plants (D:15)
113 creatures vanquished.

Grand Total: 1590 creatures vanquished

Notes
Turn   | Place    | Note
--------------------------------------------------------------
     0 | D:1      | xeno23 the Halfling Warper began the quest for the Orb.
     0 | D:1      | Reached XP level 1. HP: 14/14 MP: 3/3
   137 | D:1      | Reached XP level 2. HP: 19/19 MP: 4/4
   145 | D:1      | Learned a level 2 spell: Blink
   179 | D:1      | Reached skill level 1 in Evocations
   595 | D:1      | Reached XP level 3. HP: 24/24 MP: 5/5
  1108 | D:2      | Noticed Terence
  1149 | D:2      | Killed Terence
  1149 | D:2      | Reached skill level 1 in Stealth
  1149 | D:2      | Reached XP level 4. HP: 24/30 MP: 4/6
  1279 | D:2      | Found a faded altar to an unknown god.
  1398 | D:2      | Noticed Robin
  1599 | D:2      | Killed Robin
  1599 | D:2      | Reached XP level 5. HP: 15/35 MP: 8/8
  2077 | D:3      | Learned a level 3 spell: Teleport Other
  2212 | D:3      | Noticed Grinder
  2420 | D:3      | Found a glowing golden altar of the Shining One.
  2511 | D:3      | Found a radiant altar of Vehumet.
  2512 | D:3      | Found an opulent altar of Gozag.
  2514 | D:3      | Found a shadowy altar of Dithmenos.
  2514 | D:3      | Found a stormy altar of Qazlal.
  2742 | D:3      | Noticed Natasha
  2756 | D:3      | Killed Natasha
  2756 | D:3      | Reached XP level 6. HP: 19/41 MP: 9/9
  2877 | D:3      | Upgraded the game from 0.18-a0-1514-g6ed9364 to 0.18-a0-1637-g109f206
  2941 | D:3      | Noticed Natasha
  2957 | D:3      | Killed Natasha
  3184 | D:3      | Noticed a phantom
  3268 | D:3      | Learned a level 3 spell: Portal Projectile
  3573 | D:4      | Gained mutation: You are partially covered in rugged brown scales (AC +1, +3% HP). [potion of mutation]
  3913 | D:4      | Found Selypn's Magic Scroll Shoppe.
  4082 | D:4      | Noticed Edmund
  4127 | D:3      | Became a worshipper of Gozag Ym Sagoz the Greedy
  4155 | D:4      | Killed Edmund
  4155 | D:4      | Reached XP level 7. HP: 36/46 MP: 11/11
  4453 | D:4      | Bought a scroll of remove curse for 30 gold pieces
  4468 | D:4      | Bought a scroll of teleportation for 30 gold pieces
  4468 | D:4      | Bought a scroll of magic mapping for 35 gold pieces
  4468 | D:4      | Bought a scroll of teleportation for 30 gold pieces
  4468 | D:4      | Bought a scroll of identify for 20 gold pieces
  4468 | D:4      | Bought a scroll of identify for 20 gold pieces
  4468 | D:4      | Bought a scroll of identify for 20 gold pieces
  4471 | D:4      | Gained mutation: Your muscles are strong. (Str +2) [potion of beneficial mutation]
  4648 | D:5      | Entered Level 5 of the Dungeon
  4686 | D:5      | Noticed a hippogriff
  4698 | D:5      | Killed a hippogriff
  4698 | D:5      | Reached XP level 8. HP: 42/53 MP: 12/12
  5141 | D:5      | Noticed Pikel
  5238 | D:5      | Killed Pikel
  5238 | D:5      | Reached skill level 5 in Short Blades
  5238 | D:5      | Reached skill level 5 in Stealth
  5238 | D:5      | Reached skill level 5 in Translocations
  5238 | D:5      | Reached XP level 9. HP: 52/58 MP: 11/14
  5260 | D:5      | Found Etuel's Assorted Antiques.
  5439 | D:5      | Reached skill level 5 in Evocations
  5803 | D:5      | Noticed Prince Ribbit
  5815 | D:5      | Killed Prince Ribbit
  5921 | D:3      | Noticed Natasha
  5929 | D:3      | Killed Natasha
  6087 | D:3      | Found a burning altar of Makhleb.
  6088 | D:3      | Found a shimmering altar of Xom.
  6217 | D:3      | Killed Grinder
  6344 | D:4      | Bought a scroll of immolation for 35 gold pieces
  6344 | D:4      | Bought a scroll of recharging for 95 gold pieces
  6421 | D:5      | Bought a scroll of teleportation for 75 gold pieces
  6421 | D:5      | Bought a scroll of teleportation for 75 gold pieces
  6421 | D:5      | Bought a coppery potion for 22 gold pieces
  6969 | D:6      | Found a basalt altar of Yredelemnul.
  7066 | D:5      | Bought a scroll of identify for 50 gold pieces
  7163 | D:7      | Reached XP level 10. HP: 66/66 MP: 15/15
  7466 | D:7      | You fall through a shaft for 3 floors!
  7466 | D:10     | Entered Level 10 of the Dungeon
  7635 | D:9      | Noticed dohliylev's ghost (novice MiGl)
  7666 | D:9      | Killed dohliylev's ghost
  7774 | D:9      | Reached skill level 5 in Dodging
  7805 | D:9      | Reached skill level 5 in Fighting
  8086 | D:9      | Found a flagged portal.
  8158 | Bailey   | Entered a bailey
  8391 | Bailey   | Reached skill level 5 in Armour
  8421 | Bailey   | Noticed an orc knight
  8851 | Bailey   | HP: 3/67 [orc knight/great sword (41)]
  9207 | Bailey   | Killed an orc knight
  9574 | D:8      | Reached XP level 11. HP: 69/74 MP: 16/16
 10272 | D:7      | Found a staircase to the Ecumenical Temple.
 10513 | D:7      | Noticed Crazy Yiuf
 10519 | D:7      | Killed Crazy Yiuf
 10729 | D:9      | Bought a bread ration for 70 gold pieces
 10729 | D:9      | Bought a bread ration for 70 gold pieces
 10729 | D:9      | Bought a meat ration for 70 gold pieces
 10729 | D:9      | Bought a bread ration for 70 gold pieces
 10794 | D:9      | Reached skill level 1 in Slings
 10884 | D:9      | Found a staircase to the Orcish Mines.
 10992 | D:9      | Reached skill level 10 in Stealth
 11103 | D:10     | Noticed a hill giant
 11106 | D:10     | Killed a hill giant
 11186 | D:10     | Reached XP level 12. HP: 74/80 MP: 17/17
 11197 | D:10     | Found a staircase to the Lair.
 11855 | Lair:1   | Entered Level 1 of the Lair of Beasts
 12259 | Lair:1   | Noticed a seven-headed hydra
 12266 | Lair:1   | Killed a seven-headed hydra
 12465 | Lair:1   | Noticed Gastronok
 12506 | Lair:1   | Killed Gastronok
 12506 | Lair:1   | Reached XP level 13. HP: 86/86 MP: 18/18
 13438 | Lair:3   | Reached skill level 10 in Short Blades
 14142 | Lair:3   | Gained mutation: Your magical capacity is low (-10% MP). [mutagenic glow]
 14315 | Lair:3   | Found a staircase to the Snake Pit.
 14531 | Lair:3   | Noticed Harold
 14562 | Lair:3   | Killed Harold
 15190 | Lair:4   | Reached XP level 14. HP: 96/96 MP: 17/17
 15756 | Lair:5   | Found a staircase to the Shoals.
 16925 | Lair:6   | Noticed Kirke
 17622 | Lair:6   | Killed Kirke
 18380 | Lair:7   | Noticed Snorg
 18391 | Lair:7   | Killed Snorg
 18478 | Lair:7   | Reached XP level 15. HP: 86/104 MP: 18/18
 19193 | Lair:8   | Entered Level 8 of the Lair of Beasts
 19208 | Lair:8   | Found a staircase to the Slime Pits.
 19304 | Lair:8   | Learned a level 4 spell: Passage of Golubria
 20971 | Lair:8   | Reached skill level 10 in Fighting
 21190 | Lair:8   | Identified Feekum Tilyn's Grimoire of Earth
 21193 | Lair:8   | Got a pair of spiked gloves
 21204 | Lair:8   | Identified the +1 pair of gloves of Kikubaaqudgha's Esteem {rF+} (You found it on level 8 of the Lair of Beasts)
 21368 | Lair:8   | Found a blossoming altar of Fedhas.
 21839 | Orc:1    | Entered Level 1 of the Orcish Mines
 22630 | Orc:2    | Entered Level 2 of the Orcish Mines
 22771 | Orc:2    | Found a staircase to the Elven Halls.
 22818 | Orc:2    | Reached XP level 16. HP: 103/113 MP: 19/19
 22837 | Orc:2    | Found Fucifedd's Magic Scroll Emporium.
 22837 | Orc:2    | Found Jyrred's Distillery.
 22841 | Orc:2    | Found Umpeiveast's Armour Shop.
 22844 | Orc:2    | Found Vadel's Distillery.
 23255 | Orc:2    | Found a dark tunnel.
 23273 | Volcano  | Entered a volcano
 23413 | Volcano  | Noticed 4thArraOfDagon's ghost (journeyman OgBe)
 23444 | Volcano  | Killed 4thArraOfDagon's ghost
 24029 | Orc:2    | Bought a potion of beneficial mutation for 525 gold pieces
 24029 | Orc:2    | Bought a potion of mutation for 37 gold pieces
 24029 | Orc:2    | Gained mutation: You expend magic power (3 MP) to strengthen your wands. [potion of mutation]
 24031 | Orc:2    | Bought a potion of curing for 45 gold pieces
 24031 | Orc:2    | Bought a potion of heal wounds for 75 gold pieces
 24031 | Orc:2    | Bought a potion of haste for 150 gold pieces
 24031 | Orc:2    | Bought a potion of heal wounds for 75 gold pieces
 24031 | Orc:2    | Bought a potion of magic for 120 gold pieces
 24031 | Orc:2    | Bought a potion of might for 60 gold pieces
 24032 | Orc:2    | Bought a scroll of enchant armour for 90 gold pieces
 24032 | Orc:2    | Bought a scroll of magic mapping for 42 gold pieces
 24032 | Orc:2    | Bought a scroll of recharging for 114 gold pieces
 24032 | Orc:2    | Bought a scroll of teleportation for 36 gold pieces
 24032 | Orc:2    | Bought a scroll of enchant armour for 90 gold pieces
 24041 | Orc:2    | Bought a potion of mutation for 35 gold pieces
 24041 | Orc:2    | Bought a potion of mutation for 35 gold pieces
 24041 | Orc:2    | Gained mutation: Scrolls take you a little longer to read. [potion of mutation]
 24042 | Orc:2    | Gained mutation: Scrolls take you longer to read. [potion of mutation]
 24046 | Orc:2    | Bought a potion of cure mutation for 375 gold pieces
 24046 | Orc:2    | Lost mutation: Scrolls take you longer to read. [potion of cure mutation]
 24046 | Orc:2    | Lost mutation: Your magical capacity is low (-10% MP). [potion of cure mutation]
 24046 | Orc:2    | Lost mutation: You are partially covered in rugged brown scales (AC +1, +3% HP). [potion of cure mutation]
 24046 | Orc:2    | Lost mutation: Your muscles are strong. (Str +2) [potion of cure mutation]
 24050 | Orc:2    | Bought a potion of curing for 42 gold pieces
 24050 | Orc:2    | Bought a potion of brilliance for 56 gold pieces
 24050 | Orc:2    | Bought a potion of curing for 42 gold pieces
 24050 | Orc:2    | Bought a potion of cancellation for 112 gold pieces
 24050 | Orc:2    | Bought 2 potions of resistance for 280 gold pieces
 24050 | Orc:2    | Bought a potion of might for 56 gold pieces
 24050 | Orc:2    | Bought a potion of haste for 140 gold pieces
 24291 | Elf:1    | Entered Level 1 of the Elven Halls
 24362 | Elf:1    | Reached skill level 15 in Slings
 24667 | Elf:1    | Identified a scroll of acquirement
 24694 | Elf:1    | Reached skill level 10 in Dodging
 24740 | Elf:1    | Reached skill level 1 in Shields
 24889 | Elf:1    | Noticed an Executioner
 24964 | Elf:1    | Identified Lurudew's Reference Book on Unstable Slavery
 25814 | Elf:2    | Found Mifirero's Gadget Shop.
 25814 | Elf:2    | Noticed Chiseanne's ghost (adept DsWz)
 25888 | Elf:2    | Killed Chiseanne's ghost
 25926 | Elf:2    | Bought a wand of teleportation (6/9) for 510 gold pieces
 26310 | Elf:2    | Found a huge runed gate.
 26310 | Elf:2    | Noticed Agnes
 26312 | Elf:2    | Killed Agnes
 26312 | Elf:2    | Reached XP level 17. HP: 115/117 MP: 23/23
 26318 | Elf:2    | Found a huge runed gate.
 26319 | Elf:2    | Found a huge runed gate.
 26321 | Elf:2    | Found a huge runed gate.
 26321 | Elf:2    | Found a huge runed gate.
 26938 | Elf:2    | Noticed a deep elf blademaster
 27173 | Elf:2    | Killed a deep elf blademaster
 27173 | Elf:2    | Reached skill level 15 in Short Blades
 27197 | Elf:2    | Reached skill level 15 in Stealth
 27201 | Elf:2    | Reached skill level 5 in Shields
 28024 | Elf:2    | Reached skill level 10 in Armour
 28775 | D:11     | Found Wutuiser's Book Shop.
 28799 | D:11     | Bought a book of Battle for 680 gold pieces
 28803 | D:11     | Learned a level 3 spell: Regeneration
 28807 | D:11     | Learned a level 3 spell: Spectral Weapon
 29868 | D:12     | Reached skill level 1 in Charms
 30305 | D:12     | Reached XP level 18. HP: 101/124 MP: 18/24
 30346 | D:13     | Found a gate to the Vaults.
 30346 | D:13     | Noticed Rupert
 30346 | D:13     | Noticed Norris
 30537 | D:13     | Noticed Nessos
 30547 | D:13     | Killed Nessos
 30697 | D:13     | Killed Rupert
 30863 | D:13     | Paralysed by something for 3 turns
 30898 | D:13     | Killed Norris
 30967 | D:13     | Reached skill level 1 in Necromancy
 31254 | D:13     | Got a twisted shield
 31265 | D:13     | Identified the +0 shield of Resourcefulness {rElec} (You acquired it on level 13 of the Dungeon)
 31563 | D:14     | Found Ethinoofeu's Antique Weapon Emporium.
 31892 | D:14     | Gained mutation: You tend to lose your temper in combat. [potion of mutation]
 32112 | D:14     | Reached skill level 5 in Charms
 32112 | D:14     | Reached XP level 19. HP: 131/131 MP: 26/26
 32113 | D:14     | Reached XP level 20. HP: 136/136 MP: 27/27
 32197 | D:14     | Found a runed door.
 32476 | D:15     | Entered Level 15 of the Dungeon
 32515 | D:15     | Noticed Sonja
 32522 | D:15     | Killed Sonja
 32778 | D:15     | Found a staircase to the Depths.
 33400 | D:15     | Found a sparkling altar of Nemelex Xobeh.
 33711 | Lair:1   | Lost mutation: Scrolls take you a little longer to read. [potion of cure mutation]
 33711 | Lair:1   | Lost mutation: You expend magic power (3 MP) to strengthen your wands. [potion of cure mutation]
 33711 | Lair:1   | Lost mutation: You tend to lose your temper in combat. [potion of cure mutation]
 33878 | D:4      | Bought a scroll of brand weapon for 200 gold pieces
 34022 | Lair:1   | Bought a flickering platinum amulet for 120 gold pieces
 34022 | Lair:1   | Bought a box of beasts for 480 gold pieces
 34022 | Lair:1   | Bought a scroll of enchant armour for 180 gold pieces
 34023 | Lair:1   | Identified the amulet of Yendor {+Rage rF+ MR+} (You bought it in a shop on level 1 of the Lair of Beasts)
 34072 | Lair:1   | Bought a scroll of fog for 24 gold pieces
 34072 | Lair:1   | Bought a scroll of magic mapping for 42 gold pieces
 34072 | Lair:1   | Bought a scroll of recharging for 114 gold pieces
 34072 | Lair:1   | Bought a scroll of acquirement for 624 gold pieces
 34156 | Snake:1  | Entered Level 1 of the Snake Pit
 35794 | Snake:1  | Found a shimmering altar of Xom.
 36525 | Snake:2  | Reached XP level 21. HP: 105/143 MP: 28/28
 37165 | Snake:3  | Identified the Collected Works on Combat Magic and Heat (You found it on level 3 of the Snake Pit)
 37936 | Snake:3  | Noticed Louise
 37946 | Snake:3  | Killed Louise
 38212 | Snake:4  | Entered Level 4 of the Snake Pit
 38234 | Snake:4  | Upgraded the game from 0.18-a0-1637-g109f206 to 0.18-a0-1639-g7533f42
 38239 | Snake:4  | Found Rel Ank's Food Emporium.
 38407 | Snake:4  | Reached skill level 10 in Evocations
 40342 | Snake:4  | Reached skill level 5 in Spellcasting
 41125 | Snake:4  | Got a serpentine rune of Zot
 41317 | Snake:4  | Bought a meat ration for 70 gold pieces
 41516 | Shoals:1 | Entered Level 1 of the Shoals
 41524 | Lair:5   | Bought a glowing blowgun for 95 gold pieces
 41704 | Shoals:1 | Reached XP level 22. HP: 53/151 MP: 30/30
 42711 | Shoals:2 | Noticed M4edhros's ghost (adept OpFi)
 43810 | Shoals:3 | Reached skill level 10 in Charms
 43937 | Shoals:3 | Found Koenij's Antique Weapon Emporium.
 44466 | Shoals:4 | Entered Level 4 of the Shoals
 44475 | Shoals:4 | Noticed Ilsuiw
 44479 | Shoals:4 | Found a frozen archway.
 44515 | IceCv    | Entered an ice cave
 45878 | IceCv    | Got a pair of jewelled boots
 45889 | IceCv    | Identified the cursed +0 pair of boots of Articulation {MR+} (You found it in an ice cave)
 46135 | Shoals:4 | Killed Ilsuiw
 47998 | Shoals:4 | Got a barnacled rune of Zot
 48128 | Shoals:4 | Got a twisted blowgun
 48129 | Shoals:4 | Identified the +9 blowgun of Attainder {evade, *Corrode rElec rPois Stlth+} (You found it on level 4 of the Shoals)
 48258 | Shoals:4 | Learned a level 3 spell: Gell's Gravitas
 48586 | Slime:1  | Entered Level 1 of the Pits of Slime
 49268 | Slime:3  | Reached XP level 23. HP: 108/158 MP: 33/33
 49408 | Slime:6  | Entered Level 6 of the Pits of Slime
 49601 | Slime:6  | Noticed the Royal Jelly
 49603 | Slime:6  | Found a viscous altar of Jiyva.
 52474 | Slime:6  | Slain by an azure jelly

Vault maps used:
D:1:      dpeg_arrival_tiny_g
D:2:      ecumenical_altar_1, minmay_box_of_dots, uniq_robin, uniq_terence
D:3:      grunt_temple_overflow_champion_of_chaos, grunt_temple_overflow_open,
          minmay_misc_feat_cross, uniq_grinder, uniq_natasha
D:4:      serial_shops, nicolae_shop_waterfront, uniq_edmund
D:5:      first_bread, serial_shops, nicolae_shop_behind_doors, uniq_pikel,
          uniq_prince_ribbit1
D:6:      kennysheep_mini
D:7:      minmay_temple_entry_glassed_door, eino_tiny_chamber,
          uniq_crazy_yiuf_cottage
D:9:      erik_orc_2, enter_bailey_2
D:10:     hangedman_cross_stitches, minmay_lair_entry_lava
D:11:     serial_shops, shop
D:12:     grunt_pizzeria, kennysheep_minor_cross
D:13:     david_vaults_3, uniq_nessos
D:14:     serial_shops, nicolae_shop_trees, minmay_hidden_floor
D:15:     gammafunk_depths_entry_grave, minmay_misc_feat_pillars,
          nemelex_diamond_rough_becter, uniq_sonja
Lair:1:   cheibrodos_lair_reptile_den, uniq_gastronok
Lair:3:   minmay_snake_entry_guardpost_small, nicolae_quartered_pool_little,
          beast_lair_carwin_4, uniq_harold
Lair:5:   elwin_shoals_entry_stream
Lair:6:   uniq_kirke
Lair:7:   beast_lair_carwin_large_3, lookout_lair_type, uniq_snorg
Lair:8:   evilmike_catoblepas_cave, slime_dummy, tgw_fedhas
Shoals:1: nicolae_shoals_stone_sculpture_thing, hangedman_shoals_cup_caves
Shoals:3: serial_shops, nicolae_shop_competitors_out_of_business
Shoals:4: shoals_end_grunt_ice, shoals_ilsuiw_ice, portal_ice_cave_entry_imps,
          nicolae_shoals_arrival_archipelago
Snake:1:  lemuel_oklob_altar, grunt_megastairs_2, serial_bayou_shore_a
Snake:3:  grunt_ministairs_14, uniq_louise
Snake:4:  snake_pit, serial_shops, nicolae_shop_trees, grunt_ministairs_11,
          serial_bayou_crossing
Slime:3:  cheibrodos_slime_lost_civilization_4
Slime:4:  uniq_dissolution
Slime:5:  nicolae_slime_jelly_donut
Orc:2:    st_orc_rangers, nicolae_volcano_entry_batcave
Elf:1:    minmay_elf_demonology, st_stairs_5
Elf:2:    serial_shops, nicolae_shop_temple_entry_statues_fountains, uniq_agnes
Bailey:   bailey_axe_2, bailey
IceCv:    ice_cave_caverns_03
Volcano:  volcano_pools

Skill      XL: |  1  2  3  4  5  6  7  8  9 10 11 12 13 14 15 16 17 18 19 20 21 22 23 |
---------------+----------------------------------------------------------------------+-----
Fighting       | 2 3 4 5 6 8 9 10 11 12 13 | 13.8
Evocations     | 1 2 3 4 5 6 7 8 9 10 | 10.0
Short Blades   | 3 4 5 6 7 8 9 11 12 13 14 15 16 17 18 | 18.6
Stealth        | 1 2 3 4 5 7 9 10 12 13 14 15 16 17 18 | 18.3
Spellcasting   | 2 3 5 6 7 |  7.3
Translocations | 4 5 6 7 8 9 |  9.9
Armour         | 2 3 5 6 7 8 9 10 | 10.4
Dodging        | 4 5 6 7 8 9 10 11 12 | 12.9
Slings         | 12 13 14 15 16 17 | 17.6
Shields        | 4 5 |  5.6
Charms         | 1 5 6 8 9 10 | 10.5
Necromancy     | 3 4 |  4.3
Throwing       | |  1.1

Action                   |  1- 3 |  4- 6 |  7- 9 | 10-12 | 13-15 | 16-18 | 19-21 | 22-24 || total
-------------------------+-------+-------+-------+-------+-------+-------+-------+-------++-------
Melee: Short sword       |   112 |   475 |   263 |   709 |  2040 |   110 |       |       ||  3709
       Whip              |       |       |    25 |   113 |       |       |       |       ||   138
       Rapier            |       |       |       |       |       |  1223 |  1429 |  1777 ||  4429
 Fire: Blowgun           |       |       |       |    25 |    17 |       |     1 |       ||    43
       Hunting sling     |       |       |       |    21 |   150 |       |       |       ||   171
       Greatsling        |       |       |       |       |       |    18 |   108 |    38 ||   164
Throw: Throwing net      |       |       |       |       |       |     3 |     4 |     1 ||     8
 Cast: Teleport Other    |       |     6 |       |     4 |       |       |       |       ||    10
       Blink             |       |       |       |    19 |    12 |     5 |    10 |    14 ||    60
       Apportation       |       |       |       |     1 |       |       |     1 |     1 ||     3
       Portal Projectile |       |       |       |       |    13 |     4 |    12 |     3 ||    32
       Regeneration      |       |       |       |       |       |       |    33 |   115 ||   148
       Passage of Golubr |       |       |       |       |       |       |     1 |       ||     1
       Spectral Weapon   |       |       |       |       |       |       |       |     8 ||     8
Invok: Call Merchant     |       |       |       |     1 |       |       |     4 |       ||     5
       Potion Petition   |       |       |       |       |       |     2 |       |     4 ||     6
 Abil: Evoke Invisibilit |     1 |     4 |     7 |    11 |    23 |    18 |     4 |     6 ||    74
       Turn Visible      |       |       |       |       |     3 |     3 |       |     1 ||     7
       Evoke Berserk Rag |       |       |       |       |       |       |       |     1 ||     1
Evoke: Wand              |       |       |       |     1 |     2 |     4 |     4 |     8 ||    19
       Lamp of fire      |       |       |       |     1 |     1 |     3 |     3 |     3 ||    11
       Sack of spiders   |       |       |       |       |     1 |     6 |     4 |     8 ||    19
       Fan of gales      |       |       |       |       |     1 |     2 |     2 |     1 ||     6
       Box of beasts     |       |       |       |       |       |       |     4 |     5 ||     9
  Use: Scroll            |       |    12 |    13 |     8 |    11 |     9 |    12 |    11 ||    76
       Potion            |       |     1 |     2 |     4 |     3 |    14 |     3 |    12 ||    39
 Stab: Sleeping          |     2 |     3 |     5 |    26 |    70 |    71 |    41 |    29 ||   247
       Invisible         |     3 |    13 |     9 |    39 |   119 |    79 |    11 |    37 ||   310
       Distracted        |       |       |     1 |     6 |    16 |    11 |    32 |    13 ||    79
       Petrifying        |       |       |       |       |     3 |       |       |       ||     3
       Held in net/web   |       |       |       |       |       |     1 |     2 |     3 ||     6
       Confused          |       |       |       |       |       |     1 |       |       ||     1
       Paralysed         |       |       |       |       |       |     1 |       |       ||     1
  Eat: Chunk             |     1 |    13 |     1 |       |       |       |       |       ||    15
       Beef jerky        |       |       |     1 |     1 |     4 |     1 |       |     1 ||     8
       Royal jelly       |       |       |     2 |       |     4 |     1 |       |     1 ||     8
       Bread ration      |       |       |     2 |       |     2 |     4 |     6 |     4 ||    18
       Meat ration       |       |       |       |     6 |     4 |     2 |     2 |     4 ||    18
       Pizza             |       |       |       |       |     2 |    10 |     1 |     1 ||    14
       Fruit             |       |       |       |       |     2 |       |       |    12 ||    14
